AoeStats
← O grande

Black Forest

505717822Analyzed
3v3 RM · 20d ago on Sep 10, 2026· 53m 35s· 6 players
Game mode
Random Map
Map size
Normal (6 player)
Population
200
Speed
Normal
Resources
Standard
Victory
Conquest
Starting age
Dark Age
Ending age
Imperial Age
RankedLock teamsTeams togetherTeam positionsShared explorationLock speedFull tech treeHidden civsTurbo modeCheats
Victory
Defeat
🇷🇴 Jurchens · Romania
1584
+11
🇷🇴 Muisca · Romania
1556
+12
🇷🇴 Sicilians · Romania
1488
+14
🇧🇷 Aztecs · Brazil
1526
-15
🇫🇷 Bulgarians · France
1438
-11
🇧🇷 Lithuanians · Brazil
1413
-11
Aron
0:38 Loom
13:10 Feudal Age
15:34 Fletching
19:23 Castle Age
17:50 Double-Bit Axe
20:32 Bow Saw
25:40 Wheelbarrow
25:53 Horse Collar
30:33 Imperial Age
28:41 Padded Archer Armor
28:57 Bodkin Arrow
31:05 Leather Archer Armor
32:17 Chemistry
32:10 Ring Archer Armor
32:23 Bracer
40:30 Scale Mail Armor
40:41 Forging
44:15 Man-at-Arms
47:55 Hand Cart
48:25 Scale Barding Armor
47:57 Light Cavalry
48:39 Husbandry
48:49 Bloodlines
49:57 Iron Casting
49:44 Chain Barding Armor
50:18 Bloodlines
49:40 Winged Hussar
Letaulier
0:44 Loom
15:17 Feudal Age
16:15 Double-Bit Axe
23:07 Castle Age
27:24 Fishing Lines
29:37 Gillnets
30:14 Horse Collar
34:29 Coinage
36:43 Bow Saw
37:00 Gold Mining
37:02 Stone Mining
37:50 Heavy Plow
38:35 Wheelbarrow
39:41 Hand Cart
42:40 Imperial Age
40:26 Pikeman
41:39 Arson
41:50 Town Watch
42:32 Scale Mail Armor
42:43 Forging
42:53 Squires
43:00 Scale Barding Armor
43:00 Fletching
43:29 Chain Mail Armor
45:25 Plate Mail Armor
45:57 Iron Casting
46:54 Bodkin Arrow
O grande
7:15 Loom
11:44 Feudal Age
12:35 Double-Bit Axe
13:23 Fishing Lines
16:44 Castle Age
15:43 Gold Mining
15:37 Horse Collar
17:18 Gillnets
17:44 Bow Saw
18:50 Town Watch
19:43 Stone Mining
21:14 Wheelbarrow
23:11 Sanctity
23:13 Scale Mail Armor
23:23 Forging
24:31 Fervor
24:37 Heavy Plow
25:23 Squires
26:53 Hand Cart
31:46 Imperial Age
28:40 Eagle Warrior
29:37 Chain Mail Armor
29:33 Forging
29:45 Ballistics
29:44 Arson
31:04 Gold Shaft Mining
31:04 Stone Shaft Mining
30:12 Treadmill Crane
30:32 Murder Holes
30:53 Redemption
32:15 Iron Casting
33:32 Blast Furnace
33:05 Plate Mail Armor
32:58 Conscription
34:13 Garland Wars
33:30 Elite Jaguar Warrior
37:00 Gambesons
36:57 Capped Ram
38:02 Elite Eagle Warrior
38:22 Siege Ram
39:56 Caravan
40:27 Coinage
41:02 Fletching
41:12 Padded Archer Armor
40:58 Pikeman
42:19 Bodkin Arrow
43:25 Chemistry
42:32 Siege Engineers
42:53 Bracer
46:16 Town Patrol
48:40 Crop Rotation
49:10 Banking
51:55 Leather Archer Armor
51:57 Crossbowman
52:31 Arbalester
mihai.flacaul
12:19 Feudal Age
13:43 Double-Bit Axe
16:11 Castle Age
14:53 Fishing Lines
17:53 Bow Saw
19:00 Gillnets
19:05 Gold Mining
21:15 Gold Shaft Mining
28:05 Imperial Age
26:07 Scale Mail Armor
26:17 Forging
26:16 Squires
27:31 Chain Mail Armor
28:37 Iron Casting
28:09 Stone Mining
28:06 Elite Temple Guard
29:19 Plate Mail Armor
29:41 Conscription
29:48 Loom
34:15 Elite Guecha Warrior
35:15 Fletching
36:33 Bodkin Arrow
36:58 Padded Archer Armor
38:00 Chemistry
37:21 Ballistics
37:53 Bracer
38:32 Champi Runner
40:56 Leather Archer Armor
41:08 Masonry
42:43 Wheelbarrow
41:52 Horse Collar
43:13 Two-Man Saw
44:01 Heavy Plow
46:53 Wheelbarrow
47:37 Stone Shaft Mining
49:31 Champi Warrior
[LW] Awake
0:39 Loom
13:06 Feudal Age
15:24 Double-Bit Axe
16:25 Fletching
21:05 Castle Age
19:38 Fletching
21:44 Bodkin Arrow
21:13 Crossbowman
26:17 Horse Collar
33:38 Wheelbarrow
33:15 Bow Saw
33:08 Heavy Plow
33:19 Town Watch
34:23 Masonry
34:26 Fortified Wall
34:42 Hand Cart
35:35 Gold Mining
38:46 Imperial Age
36:26 Stone Mining
36:45 Scale Barding Armor
37:46 Chain Barding Armor
37:51 Forging
38:31 Gold Shaft Mining
38:32 Stone Shaft Mining
38:49 Bloodlines
38:39 Husbandry
38:46 Elite Iron Pagoda
38:48 Heavy Rocket Cart
40:08 Plate Barding Armor
40:09 Iron Casting
40:38 Hoardings
40:04 Fortified Bastions
40:25 Conscription
40:51 Siege Engineers
40:13 Capped Ram
41:23 Bracer
43:09 Masonry
45:00 Blast Furnace
44:01 Padded Archer Armor
46:04 Thunderclap Bombs
46:43 Architecture
46:33 Ballistics
47:20 Chemistry
47:27 Leather Archer Armor
47:58 Treadmill Crane
48:49 Ring Archer Armor
48:21 Siege Ram
49:51 Coinage
50:59 Scale Mail Armor
53:06 Guard Tower
53:01 Arrowslits
Mihail
0:49 Loom
10:35 Feudal Age
13:22 Horse Collar
21:42 Castle Age
19:43 Fletching
20:00 Double-Bit Axe
22:46 Bodkin Arrow
23:03 Bow Saw
23:03 Heavy Plow
25:00 Wheelbarrow
25:05 Town Watch
27:07 Scale Mail Armor
27:45 Hand Cart
27:55 Forging
28:56 Squires
28:43 Arson
29:21 Chain Mail Armor
29:02 Gold Mining
34:12 Imperial Age
32:36 Iron Casting
32:21 Masonry
32:54 Gold Shaft Mining
32:12 Stone Mining
35:10 Ballistics
34:59 Arrowslits
36:15 Chemistry
35:54 Elite Serjeant
37:08 Plate Mail Armor
38:24 Blast Furnace
39:10 Caravan
39:29 Onager
43:13 Siege Onager
45:36 Conscription
46:25 Bracer
48:06 Siege Engineers
49:02 Scale Barding Armor
49:43 Coinage
50:56 Banking
Connection lost

Rejoining the realm…

Still unreachable

The connection could not be restored.

Session expired

The server has moved on; the page needs a fresh start.